 Dungeon Crawl Stone Soup version 0.17-a0-1853-ge1bd2c8 (webtiles) character file.

136 Oddball22 the Caller (level 4, -1/34 HPs)
             Began as a Demonspawn Summoner on Sept 20, 2015.
             Killed by nerve-wracking pain
             ... invoked by an orc priest
              (8 damage)
             ... on level 3 of the Dungeon.
             The game lasted 00:13:05 (3448 turns).

Oddball22 the Caller (Demonspawn Summoner)          Turns: 3448, Time: 00:13:05

Health: -1/34      AC:  7    Str:  8    XL:     4   Next: 98%
Magic:  3/7        EV: 13    Int: 16    God:
Gold:   55         SH:  0    Dex: 15    Spells: 3 memorised, 1 level left

rFire  . . .     SeeInvis .     j - +1 dagger (speed)
rCold  . . .     Clarity  .     a - +0 robe
rNeg   . . .     SustAt   .     (no shield)
rPois  .         Gourm    .     (no helmet)
rElec  .         Spirit   .     (no cloak)
rCorr  .         Warding  .     f - +0 pair of gloves
rMut   .         Stasis   .     i - +1 pair of boots
MR     .....                    (no amulet)
Stlth  ++........               (no ring)
                                (no ring)

@: not resistant to hostile enchantments, unstealthy
A: yellow scales 1
a: no special abilities


You were on level 3 of the Dungeon.
You were not hungry.

You visited 1 branch of the dungeon, and saw 3 of its levels.

You collected 55 gold pieces.

Inventory:

Hand weapons
 j - a +1 dagger of speed (weapon)
Armour
 a - a +0 robe (worn)
 f - a +0 pair of gloves (worn)
 i - a +1 pair of boots (worn)
Scrolls
 g - a scroll of remove curse {unknown}
 h - 3 scrolls of identify {unknown}
 k - a scroll of enchant weapon {unknown}
 n - a scroll of noise {unknown}
 q - a scroll of blinking {unknown}
 r - a scroll of magic mapping {unknown}
 s - a scroll of fear {unknown}
Potions
 e - 2 potions of heal wounds {unknown}
 l - 2 potions of curing {unknown}
 m - a potion of might {unknown}
 p - a potion of lignification {unknown}
Books
 b - a book of Callings

   Spells                             Type                      Level
   a - Summon Small Mammal            Summoning                    1
   b - Call Imp                       Summoning                    2
   c - Call Canine Familiar           Summoning                    3
   d - Summon Guardian Golem          Hexes/Summoning              3
   e - Summon Lightning Spire         Summoning/Air                4
   f - Summon Ice Beast               Ice/Summoning                4
Comestibles
 c - 3 bread rations
 d - a beef jerky
 o - 14 chunks of flesh


   Skills:
 + Level 2.9 Fighting
 * Level 1.6 Short Blades
 - Level 1.0 Armour
 + Level 2.8 Dodging
 - Level 1.7 Stealth
 - Level 2.0 Spellcasting
 - Level 4.0 Summonings


You had one spell level left.
You knew the following spells:

 Your Spells              Type           Power        Failure   Level  Hunger
a - Summon Small Mammal   Summ           ##..         4%          1    #......
b - Call Imp              Summ           ##......     8%          2    ###....
c - Call Canine Familiar  Summ           ##......     12%         3    ###....


Dungeon Overview and Level Annotations

Branches:
Dungeon (3/15)

Altars:
Ashenzari
Ru


Innate Abilities, Weirdness & Mutations

You are partially covered in yellow scales (AC +2).


Message History

The orc priest hits you with a hand axe!
* * * LOW HITPOINT WARNING * * *
The orc priest barely misses your hound.
Your hound bites the orc priest.
You are too injured to fight recklessly!
You are too injured to fight recklessly!
You are too injured to fight recklessly!
You hit the orc priest.
The orc priest is moderately wounded.
Your hound closely misses the orc priest.
The orc priest hits you but does no damage.
The orc priest hits your hound but does no damage.
You barely miss the orc priest.
The orc priest is moderately wounded.
Your hound bites the orc priest but does no damage.
You completely miss the orc priest.
The orc priest is moderately wounded.
The orc priest mumbles some strange prayers to Beogh against you.
Pain shoots through your body!
You die...

).......###8...8##
#####...####...###
####.....###...##.
#.<.......##...##. .
#.##......#8...8#.
..######.##########..(###
.....[.#.###8###8 ##8
......l#..(.(.... ...
.......#@........ ...
.......oh........ ..[
.......##..#8###8 ##8
....... ...### .......
..... ####### ......
###...## ....


You could see an orc priest and a friendly hound.

Vanquished Creatures
  An orc priest (D:3)
  2 adders
  An ooze (D:1)
  3 giant geckos
  3 orcs (D:3)
  7 bats
  4 giant cockroaches
  5 goblins
  6 hobgoblins
  2 jackals (D:1)
  6 giant newts
  8 kobolds
  5 rats
53 creatures vanquished.

Vanquished Creatures (collateral kills)
  A gnoll (D:1)
  2 adders (D:2)
  2 worms (D:2)
  3 orcs (D:3)
  3 goblins
  A hobgoblin (D:1)
  2 bats (D:1)
  A jackal (D:1)
  A kobold (D:1)
16 creatures vanquished.

Grand Total: 69 creatures vanquished

Notes
Turn   | Place    | Note
--------------------------------------------------------------
     0 | D:1      | Oddball22 the Demonspawn Summoner began the quest for the Orb.
     0 | D:1      | Reached XP level 1. HP: 13/13 MP: 3/3
   673 | D:1      | Reached skill level 1 in Fighting
   673 | D:1      | Gained mutation: You are partially covered in yellow scales (AC +2). [demonic ancestry]
   673 | D:1      | Reached XP level 2. HP: 15/21 MP: 5/5
  1582 | D:1      | Reached XP level 3. HP: 23/27 MP: 6/6
  1670 | D:1      | Learned a level 2 spell: Call Imp
  1674 | D:1      | Learned a level 3 spell: Call Canine Familiar
  1810 | D:2      | HP: 1/27 [poisoned by an adder]
  2235 | D:2      | Reached skill level 1 in Armour
  2278 | D:2      | Found a shattered altar of Ashenzari.
  2278 | D:2      | Found a sacrificial altar of Ru.
  2556 | D:2      | Reached XP level 4. HP: 29/34 MP: 7/7
  3186 | D:3      | Reached skill level 1 in Short Blades
  3448 | D:3      | Killed from afar by an orc priest

Vault maps used:
D:1:      dpeg_arrival_connections, grunt_decor_fettered, minmay_misc_feat_tiny,
          minmay_misc_feat_four_crosses
D:2:      gammafunk_temple_overflow_wave
D:3:      corexii_hall_statues_x, grunt_decor_mini_mirrors, uniq_natasha

Action                   |  1- 3 |  4- 6 || total
-------------------------+-------+-------++-------
Melee: Dagger            |   219 |   100 ||   319
       Unarmed           |     9 |       ||     9
 Cast: Summon Small Mamm |    16 |       ||    16
       Call Canine Famil |     5 |     5 ||    10
 Stab: Sleeping          |     2 |     6 ||     8
       Distracted        |       |     2 ||     2
  Eat: Chunk             |     6 |     4 ||    10
